TOP OF THE 1ST |
Chicago Machine batting - Pitching for Houston Marshals : LHP Stan Aldridge
|
Pitching: LHP Stan Aldridge
|
|
Batting: RHB Pablo Sandoval
|
0-0: Called Strike 0-1: Ball 1-1: Ball 2-1: Ball 3-1: Called Strike 3-2: SINGLE (Groundball, 34D)
|
Batting: SHB Joaquín López
|
0-0: Ball 1-0: Called Strike 1-1: 2-RUN HOME RUN (Flyball, 7LD), Distance : 399 ft
|
Batting: RHB Doug Stephens
|
0-0: Called Strike 0-1: Ball 1-1: Ball 2-1: Called Strike 2-2: Reached via error on a dropped throw, E3
|
Batting: SHB José Alomar
|
0-0: Ball 1-0: Ball 2-0: Ball 3-0: DOUBLE (Line Drive, 7LD) Doug Stephens to third
|
Batting: RHB Roberto Tobías
|
0-0: Ball 1-0: Called Strike 1-1: SINGLE (Flyball, 9LM) Doug Stephens scores José Alomar to third Runner from 3rd tries for Home, SAFE, no throw
|
Batting: LHB Keng-chi Lao
|
0-0: Ball 1-0: Fly out, F9 (Flyball, 89S)
|
Batting: RHB Gonzalo Gil
|
0-0: Foul Ball, location: 2F 0-1: Fielders Choice at 2nd, 6-4 (Groundball, 6MD)
|
Batting: RHB Nick Harris
|
0-0: Ball 1-0: Ball 2-0: Ball 3-0: Called Strike 3-1: Foul Ball, location: 2F 3-2: SINGLE (Groundball, 56D) Gonzalo Gil to second Gonzalo Gil to third
|
Batting: SHB Lee Townsend
|
0-0: Ball 1-0: Swinging Strike 1-1: Fielders Choice at 2nd, 6-4 (Groundball, 6)
|
Top of the 1st over - 4 run(s), 5 hit(s), 1 error(s), 1 left on base; Chicago 4 - Houston 0 |
BOTTOM OF THE 1ST |
Houston Marshals batting - Pitching for Chicago Machine : RHP Horace Jacobs
|
Pitching: RHP Horace Jacobs
|
|
Batting: LHB John Peterson
|
0-0: SINGLE (Flyball, 78S)
|
Batting: RHB Javier Rentería
|
0-0: Grounds into double play, 6-4-3 (Groundball, 6)
|
Batting: LHB Lewis Barr
|
0-0: Ball 1-0: Swinging Strike 1-1: Swinging Strike 1-2: Ball 2-2: Foul Ball, location: 2F 2-2: Foul Ball, location: 2F 2-2: Ball 3-2: Strikes out swinging
|
Bottom of the 1st over - 0 run(s), 1 hit(s), 0 error(s), 0 left on base; Chicago 4 - Houston 0 |
TOP OF THE 2ND |
Chicago Machine batting - Pitching for Houston Marshals : LHP Stan Aldridge
|
Batting: RHB Pablo Sandoval
|
0-0: Foul Ball, location: 2F 0-1: Called Strike 0-2: Strikes out looking
|
Batting: SHB Joaquín López
|
0-0: Ball 1-0: Ball 2-0: Ball 3-0: Called Strike 3-1: Foul Ball, location: 2F 3-2: Reached on error, E5 (Groundball, 56)
|
Batting: RHB Doug Stephens
|
0-0: Swinging Strike 0-1: Called Strike 0-2: Foul Ball, location: 2F 0-2: Ball Joaquín López is caught stealing 2nd base 1-2: Foul Ball, location: 2F 1-2: Ball 2-2: SINGLE (Groundball, 6D)
|
Batting: SHB José Alomar
|
0-0: Called Strike 0-1: Ball 1-1: Swinging Strike 1-2: SINGLE (Groundball, 6D) Doug Stephens to second
|
Batting: RHB Roberto Tobías
|
0-0: Ball 1-0: Ball 2-0: Fly out, F7 (Flyball, 7D)
|
Top of the 2nd over - 0 run(s), 2 hit(s), 1 error(s), 2 left on base; Chicago 4 - Houston 0 |
BOTTOM OF THE 2ND |
Houston Marshals batting - Pitching for Chicago Machine : RHP Horace Jacobs
|
Batting: LHB José Rodríguez
|
0-0: Ball 1-0: SINGLE (Flyball, 8LS)
|
Batting: SHB Álex Rosado
|
0-0: Ball 1-0: Called Strike 1-1: Ball 2-1: Swinging Strike 2-2: Ball 3-2: Foul Ball, location: 2F 3-2: Fly out, F7 (Line Drive, 7)
|
Batting: LHB Matt Smith
|
0-0: Fielders Choice at 2nd, 3-6 (Groundball, 3)
|
Batting: SHB Juan Gómez
|
0-0: Called Strike 0-1: Foul Ball, location: 2F 0-2: Foul Ball, location: 2F 0-2: Strikes out looking
|
Bottom of the 2nd over - 0 run(s), 1 hit(s), 0 error(s), 1 left on base; Chicago 4 - Houston 0 |
TOP OF THE 3RD |
Chicago Machine batting - Pitching for Houston Marshals : LHP Stan Aldridge
|
Batting: LHB Keng-chi Lao
|
0-0: Ball 1-0: Foul Ball, location: 2F 1-1: Called Strike 1-2: Strikes out swinging
|
Batting: RHB Gonzalo Gil
|
0-0: Ball 1-0: Ground out 6-3 (Groundball, 6D)
|
Batting: RHB Nick Harris
|
0-0: DOUBLE (Line Drive, 78M)
|
Batting: SHB Lee Townsend
|
0-0: Ground out 5-3 (Groundball, 5S)
|
Top of the 3rd over - 0 run(s), 1 hit(s), 0 error(s), 1 left on base; Chicago 4 - Houston 0 |
BOTTOM OF THE 3RD |
Houston Marshals batting - Pitching for Chicago Machine : RHP Horace Jacobs
|
Batting: RHB Jim Tracy
|
0-0: Ball 1-0: Ball 2-0: Foul Ball, location: 2F 2-1: Foul Ball, location: 2F 2-2: Ball 3-2: Ground out 3-1 (Groundball, 34)
|
Batting: RHB Alberto Velásquez
|
0-0: Called Strike 0-1: Foul Ball, location: 2F 0-2: Strikes out swinging
|
Batting: LHB John Peterson
|
0-0: Ball 1-0: Fly out, F7 (Flyball, 7S)
|
Bottom of the 3rd over - 0 run(s), 0 hit(s), 0 error(s), 0 left on base; Chicago 4 - Houston 0 |
TOP OF THE 4TH |
Chicago Machine batting - Pitching for Houston Marshals : LHP Stan Aldridge
|
Batting: RHB Pablo Sandoval
|
0-0: Ball 1-0: Called Strike 1-1: Foul Ball, location: 2F 1-2: Foul Ball, location: 2F 1-2: Ball 2-2: Foul Ball, location: 2F 2-2: Ball 3-2: DOUBLE (Line Drive, 9)
|
Batting: SHB Joaquín López
|
0-0: Foul Ball, location: 2F 0-1: Fly out, F8 (Line Drive, 8RXD) Runner from 2nd tags up, SAFE at 3rd, no throw
|
Batting: RHB Doug Stephens
|
0-0: Ball 1-0: Fly out, F9 (Flyball, 89S)
|
Batting: SHB José Alomar
|
0-0: Foul Ball, location: 2F 0-1: Ball 1-1: Ground out 5-3 (Groundball, 56)
|
Top of the 4th over - 0 run(s), 1 hit(s), 0 error(s), 1 left on base; Chicago 4 - Houston 0 |
BOTTOM OF THE 4TH |
Houston Marshals batting - Pitching for Chicago Machine : RHP Horace Jacobs
|
Batting: RHB Javier Rentería
|
0-0: Ball 1-0: Ball 2-0: Fly out, F3 (Line Drive, 34)
|
Batting: LHB Lewis Barr
|
0-0: Ground out 6-3 (Groundball, 6)
|
Batting: LHB José Rodríguez
|
0-0: Ball 1-0: Foul Ball, location: 2F 1-1: Ball 2-1: Swinging Strike 2-2: Strikes out swinging
|
Bottom of the 4th over - 0 run(s), 0 hit(s), 0 error(s), 0 left on base; Chicago 4 - Houston 0 |
TOP OF THE 5TH |
Chicago Machine batting - Pitching for Houston Marshals : LHP Stan Aldridge
|
Batting: RHB Roberto Tobías
|
0-0: Foul Ball, location: 2F 0-1: Ball 1-1: Ball 2-1: Ball 3-1: Swinging Strike 3-2: Foul Ball, location: 2F 3-2: Foul Ball, location: 2F 3-2: Ground out 4-3 (Groundball, 4M)
|
Batting: LHB Keng-chi Lao
|
0-0: Ball 1-0: Ball 2-0: Foul Ball, location: 2F 2-1: Ground out U3 (Groundball, 34)
|
Batting: RHB Gonzalo Gil
|
0-0: Ball 1-0: Ball 2-0: Ball 3-0: Called Strike 3-1: Called Strike 3-2: Ground out 6-3 (Groundball, 6M)
|
Top of the 5th over - 0 run(s), 0 hit(s), 0 error(s), 0 left on base; Chicago 4 - Houston 0 |
BOTTOM OF THE 5TH |
Houston Marshals batting - Pitching for Chicago Machine : RHP Horace Jacobs
|
Batting: SHB Álex Rosado
|
0-0: Called Strike 0-1: Ball 1-1: Ball 2-1: Ball 3-1: Called Strike 3-2: Fly out, F8 (Line Drive, 8LD)
|
Batting: LHB Matt Smith
|
0-0: Ball 1-0: Called Strike 1-1: Ball 2-1: Called Strike 2-2: Foul Ball, location: 2F 2-2: Foul Ball, location: 2F 2-2: Ball 3-2: Ground out 4-3 (Groundball, 4)
|
Batting: SHB Juan Gómez
|
0-0: Called Strike 0-1: Swinging Strike 0-2: Ball 1-2: Ball 2-2: Foul Ball, location: 2F 2-2: Ball 3-2: Foul Ball, location: 2F 3-2: Strikes out swinging
|
Bottom of the 5th over - 0 run(s), 0 hit(s), 0 error(s), 0 left on base; Chicago 4 - Houston 0 |
TOP OF THE 6TH |
Chicago Machine batting - Pitching for Houston Marshals : LHP Stan Aldridge
|
Pitching: LHP Stanley Inman
|
|
Batting: RHB Nick Harris
|
0-0: Foul Ball, location: 2F 0-1: Ground out 4-3 (Groundball, 4)
|
Batting: SHB Lee Townsend
|
0-0: Called Strike 0-1: Foul Ball, location: 2F 0-2: Foul Ball, location: 2F 0-2: Strikes out swinging
|
Batting: RHB Pablo Sandoval
|
0-0: Swinging Strike 0-1: Swinging Strike 0-2: Foul Ball, location: 2F 0-2: Ball 1-2: Ball 2-2: Strikes out looking
|
Top of the 6th over - 0 run(s), 0 hit(s), 0 error(s), 0 left on base; Chicago 4 - Houston 0 |
BOTTOM OF THE 6TH |
Houston Marshals batting - Pitching for Chicago Machine : RHP Horace Jacobs
|
Batting: RHB Jim Tracy
|
0-0: Ground out 4-3 (Groundball, 34)
|
Batting: RHB Alberto Velásquez
|
0-0: Swinging Strike 0-1: Ball 1-1: Ball 2-1: Foul Ball, location: 2F 2-2: Fly out, F9 (Flyball, 89M)
|
Batting: LHB John Peterson
|
0-0: Ball 1-0: Foul Ball, location: 2F 1-1: Ball 2-1: Ground out 3-1 (Groundball, 34S)
|
Bottom of the 6th over - 0 run(s), 0 hit(s), 0 error(s), 0 left on base; Chicago 4 - Houston 0 |
TOP OF THE 7TH |
Chicago Machine batting - Pitching for Houston Marshals : LHP Stanley Inman
|
Batting: SHB Joaquín López
|
0-0: Ground out 6-3 (Groundball, 6)
|
Batting: RHB Doug Stephens
|
0-0: Foul Ball, location: 2F 0-1: Ball 1-1: Fly out, F7 (Line Drive, 7S)
|
Batting: SHB José Alomar
|
0-0: Ball 1-0: Ground out 4-3 (Groundball, 4)
|
Top of the 7th over - 0 run(s), 0 hit(s), 0 error(s), 0 left on base; Chicago 4 - Houston 0 |
BOTTOM OF THE 7TH |
Houston Marshals batting - Pitching for Chicago Machine : RHP Horace Jacobs
|
Batting: RHB Javier Rentería
|
0-0: Ground out 5-3 (Groundball, 5)
|
Batting: LHB Lewis Barr
|
0-0: Ground out 4-3 (Groundball, 4)
|
Batting: LHB José Rodríguez
|
0-0: Called Strike 0-1: SINGLE (Groundball, 4MD)
|
Batting: SHB Álex Rosado
|
0-0: Ball 1-0: Fly out, F6 (Line Drive, 6M)
|
Bottom of the 7th over - 0 run(s), 1 hit(s), 0 error(s), 1 left on base; Chicago 4 - Houston 0 |
TOP OF THE 8TH |
Chicago Machine batting - Pitching for Houston Marshals : LHP Stanley Inman
|
Batting: RHB Roberto Tobías
|
0-0: Called Strike 0-1: Swinging Strike 0-2: Foul Ball, location: 2F 0-2: Strikes out looking
|
Batting: LHB Keng-chi Lao
|
0-0: Ball 1-0: Fly out, F9 (Flyball, 9D)
|
Batting: RHB Gonzalo Gil
|
0-0: Ball 1-0: SINGLE (Line Drive, 7S)
|
Batting: RHB Nick Harris
|
0-0: Ball 1-0: Foul Ball, location: 2F 1-1: Called Strike 1-2: Ball 2-2: Fly out, F9 (Flyball, 9S)
|
Top of the 8th over - 0 run(s), 1 hit(s), 0 error(s), 1 left on base; Chicago 4 - Houston 0 |
BOTTOM OF THE 8TH |
Houston Marshals batting - Pitching for Chicago Machine : RHP Horace Jacobs
|
Batting: LHB Matt Smith
|
0-0: Called Strike 0-1: SINGLE (Line Drive, 6M)
|
Batting: SHB Juan Gómez
|
0-0: Swinging Strike 0-1: Grounds into double play, 6-4-3 (Groundball, 56)
|
Batting: RHB Jim Tracy
|
0-0: Ball 1-0: Ground out 1-3 (Groundball, 13)
|
Bottom of the 8th over - 0 run(s), 1 hit(s), 0 error(s), 0 left on base; Chicago 4 - Houston 0 |
TOP OF THE 9TH |
Chicago Machine batting - Pitching for Houston Marshals : LHP Stanley Inman
|
Batting: SHB Lee Townsend
|
0-0: Called Strike 0-1: Fly out, F8 (Flyball, 8LD)
|
Batting: RHB Pablo Sandoval
|
0-0: Called Strike 0-1: Foul Ball, location: 2F 0-2: Fly out, F7 (Flyball, 7LMF)
|
Batting: SHB Joaquín López
|
0-0: Fly out, F7 (Line Drive, 7S)
|
Top of the 9th over - 0 run(s), 0 hit(s), 0 error(s), 0 left on base; Chicago 4 - Houston 0 |
BOTTOM OF THE 9TH |
Houston Marshals batting - Pitching for Chicago Machine : RHP Horace Jacobs
|
Batting: RHB Alberto Velásquez
|
0-0: Foul Ball, location: 2F 0-1: Ball 1-1: Ball 2-1: Called Strike 2-2: Ball 3-2: Base on Balls
|
Batting: LHB John Peterson
|
0-0: Foul Ball, location: 2F 0-1: Foul Ball, location: 2F 0-2: Ball 1-2: Ball 2-2: Ground out 3-1 (Groundball, 34S) Alberto Velásquez to second
|
Batting: RHB Javier Rentería
|
0-0: Swinging Strike 0-1: Ball 1-1: SINGLE (Groundball, 56D) Alberto Velásquez to third Runner from 3rd tries for Home, SAFE, no throw
|
Pitching: RHP Juan Rodríguez
|
|
Batting: LHB Lewis Barr
|
0-0: Ball 1-0: Ball 2-0: 2-RUN HOME RUN (Flyball, 7D), Distance : 396 ft
|
Batting: LHB José Rodríguez
|
0-0: Called Strike 0-1: Foul Ball, location: 2F 0-2: Foul Ball, location: 2F 0-2: Fly out, F9 (Flyball, 89S)
|
Batting: SHB Álex Rosado
|
0-0: Ball 1-0: Called Strike 1-1: Fly out, F7 (Flyball, 78S)
|
Bottom of the 9th over - 3 run(s), 2 hit(s), 0 error(s), 0 left on base; Chicago 4 - Houston 3 |
|